 Dungeon Crawl Stone Soup version 0.22.1-1-ga44c0e56f4 (webtiles) character file.

1463 OdinFK the Tainter (level 9, -3/59 HPs)
             Began as a Formicid Venom Mage on Oct 7, 2018.
             Slain by a wight
             ... wielding a cursed +4 dire flail
              (7 damage)
             ... on level 15 of the Dungeon.
             The game lasted 00:38:33 (5421 turns).

OdinFK the Tainter (Formicid Venom Mage)            Turns: 5421, Time: 00:38:34

Health: -3/59      AC:  3    Str: 14      XL:     9   Next: 5%
Magic:  4/18       EV:  2    Int: 17      God:
Gold:   254        SH:  0    Dex:  0 (11) Spells: 17/20 levels left

rFire    + + .     SeeInvis +   y - staff of death
rCold    + . .     Gourm    .   (no shield)
rNeg     + . .     Faith    .   a - +0 robe
rPois    +         Spirit   .   (helmet unavailable)
rElec    .         Reflect  +   w - scarf {rC+ rF+}
rCorr    .         Harm     .   (no gloves)
MR       .....                  l - +0 pair of boots
Stlth    ..........             q - +2 amulet of reflection
HPRegen  0.19/turn              i - ring of poison resistance
MPRegen  0.16/turn              x - ring of protection from fire

@: slowed, lost dexterity, very slow
A: permanent stasis, dig shafts and tunnels, four strong arms, antennae 3
a: Dig, Shaft Self


You were on level 15 of the Dungeon.
You were not hungry.

You visited 1 branch of the dungeon, and saw 11 of its levels.

You collected 254 gold pieces.

Inventory:

Hand Weapons
 e - a +0 dagger
Armour
 a - a +0 robe (worn)
 l - a +0 pair of boots (worn)
 w - a scarf of resistance (worn)
Magical Staves
 y - an uncursed staff of death (weapon)
Jewellery
 i - a ring of poison resistance (left hand)
 q - a +2 amulet of reflection (around neck)
 x - a ring of protection from fire (right hand)
Wands
 s - a wand of paralysis (7)
Scrolls
 b - 4 scrolls of identify
 d - 4 scrolls of teleportation
 f - 4 scrolls of remove curse
 h - 2 scrolls of noise
 k - a scroll of fear {unknown}
 m - 2 scrolls of magic mapping
 p - a scroll of random uselessness {unknown}
 t - a scroll of amnesia
Potions
 g - a potion of flight
 j - a potion of agility
 n - a potion of curing
 r - a potion of ambrosia
 u - a potion of lignification
Comestibles
 c - 11 rations


   Skills:
 - Level 1.0 Fighting
 + Level 0.8 Short Blades
 + Level 2.3 Dodging
 + Level 3.5 Stealth
 + Level 6.3 Spellcasting
 + Level 1.8 Conjurations
 + Level 4.0 Air Magic
 + Level 8.7 Poison Magic
 + Level 0.2 Evocations


You had 17 spell levels left.
You knew the following spells:

 Your Spells              Type           Power        Failure   Level  Hunger
a - Sting                 Conj/Pois      ###.         1%          1    None
b - Poisonous Vapours     Pois/Air       ####..       1%          2    None

Your spell library contained the following spells:

 Spells                   Type           Power        Failure   Level  Hunger
 Olgreb's Toxic Radiance  Pois           #####...     3%          4    ####...
 Mephitic Cloud           Conj/Pois/Air  ###.....     4%          3    ##.....
 Venom Bolt               Conj/Pois      ###.......   36%         5    #####..


Dungeon Overview and Level Annotations

Branches:
Dungeon (9/15)               Lair (0/6) D:9
 Temple: D:4-7          Orc: D:9-12

Altars:
Ashenzari
Cheibriados
Qazlal
Trog
Uskayaw
Wu Jian
Xom

Annotations:
D:6 Dowan, Duvessa, Grinder


Innate Abilities, Weirdness & Mutations

You cannot be hasted, slowed, berserked, paralysed or teleported.
You can dig through walls and to a lower floor.
Your four strong arms can wield two-handed weapons with a shield.
You have a pair of large antennae on your head. (SInv)


Message History

The centaur shouts!
The centaur hits you!
* * * LOW HITPOINT WARNING * * *
The centaur completely misses you.
You begin to dig a shaft.
You continue digging a shaft.
The centaur hits you.
* * * LOW HITPOINT WARNING * * *
The centaur hits you.
* * * LOW HITPOINT WARNING * * *
A shaft appears beneath you!
You fall through a shaft for 3 floors!
The shaft crumbles and collapses.
Beware, you cannot shaft yourself on this level. 3 wights come into view.
You open the door.
There is an open door here.
A cyclops comes into view.
The cyclops shouts!
The wight hits you with an enchanted dire flail!
You die...

#.# #.# #.#
#.# #z#
#####'######
#...z......#
#..z.......#
#..@.......#
#..........#
+..........+
#..........#
...........#
............#
#............#
#C.≈≈≈≈≈.....


You could see a cyclops and 3 wights.

Vanquished Creatures
  A komodo dragon (D:11)
  4 yaks (D:11)
  An ogre (D:4)
  A killer bee (D:12)
  2 hounds
  An orc priest (D:7)
  An orc wizard (D:7)
  4 worker ants
  An iguana (D:6)
  2 hound skeletons
  6 gnolls
  5 adders
  An ooze (D:2)
  2 adder skeletons
  4 worms
  2 dart slugs
  4 leopard geckos
  5 orcs
  6 giant cockroaches
  11 goblins
  12 hobgoblins
  2 jackals (D:1)
  3 quokkas
  2 ball pythons
  13 bats
  6 frilled lizards
  A jackal skeleton (D:4)
  11 kobolds
  9 rats
123 creatures vanquished.

Vanquished Creatures (others)
  A fungus (D:9)
1 creature vanquished.

Grand Total: 124 creatures vanquished

Notes
Turn   | Place    | Note
-------+----------+-------------------------------------------
     0 | D:1      | OdinFK the Formicid Venom Mage began the quest for the Orb.
     0 | D:1      | Reached XP level 1. HP: 13/13 MP: 3/3
    49 | D:1      | Found a shattered altar of Ashenzari.
   266 | D:1      | Reached XP level 2. HP: 14/19 MP: 3/5
   270 | D:1      | Learned a level 2 spell: Poisonous Vapours
   521 | D:1      | Reached skill level 1 in Conjurations
   633 | D:1      | Reached XP level 3. HP: 25/25 MP: 3/6
   828 | D:2      | Found a snail-covered altar of Cheibriados.
  1120 | D:2      | Found a faded altar of an unknown god.
  1146 | D:2      | Reached skill level 5 in Poison Magic
  1298 | D:2      | Reached XP level 4. HP: 29/31 MP: 1/8
  1468 | D:2      | Found a shimmering altar of Xom.
  1966 | D:3      | Found a hide-covered altar of Uskayaw.
  2171 | D:3      | Reached XP level 5. HP: 36/36 MP: 6/9
  2213 | D:3      | Found a stormy altar of Qazlal.
  2215 | D:3      | Noticed an air elemental
  2218 | D:3      | Noticed a water elemental
  2218 | D:3      | Noticed a fire elemental
  2366 | D:4      | Reached skill level 1 in Fighting
  2451 | D:4      | Reached skill level 1 in Air Magic
  2613 | D:4      | Reached XP level 6. HP: 43/43 MP: 5/11
  2637 | D:4      | Noticed an ogre
  2654 | D:4      | Killed an ogre
  2654 | D:4      | Reached skill level 6 in Poison Magic
  2675 | D:4      | Noticed an ogre
  2837 | D:4      | Noticed a phantom
  3046 | D:4      | Noticed a phantom
  3200 | D:5      | Entered Level 5 of the Dungeon
  3217 | D:5      | Found an ornate altar of the Wu Jian Council.
  3238 | D:5      | Found a bloodstained altar of Trog.
  3609 | D:5      | Reached XP level 7. HP: 41/48 MP: 5/12
  3859 | D:6      | Noticed a two-headed ogre
  3870 | D:6      | Noticed Dowan
  3898 | D:6      | Found a shimmering altar of Xom.
  4129 | D:6      | Noticed Grinder
  4160 | D:6      | Noticed Duvessa
  4164 | D:6      | You fall through a shaft!
  4385 | D:6      | You fall through a shaft for 3 floors!
  4385 | D:9      | Found a staircase to the Lair.
  4391 | D:9      | You fall through a shaft for 2 floors!
  4649 | D:11     | Reached skill level 7 in Poison Magic
  4708 | D:11     | Noticed a komodo dragon
  4716 | D:11     | Killed a komodo dragon
  4716 | D:11     | Reached skill level 5 in Spellcasting
  4716 | D:11     | Reached XP level 8. HP: 54/54 MP: 4/15
  4804 | D:11     | Noticed a green ugly thing
  5029 | D:11     | Noticed a shadow
  5109 | D:11     | Noticed a yak
  5118 | D:11     | Noticed a yak
  5132 | D:11     | Killed a yak
  5246 | D:11     | Noticed a yak
  5246 | D:11     | Noticed a yak
  5246 | D:11     | Noticed a yak
  5299 | D:11     | Killed a yak
  5299 | D:11     | Reached skill level 8 in Poison Magic
  5321 | D:11     | Killed a yak
  5379 | D:11     | Killed a yak
  5379 | D:11     | Reached XP level 9. HP: 27/59 MP: 2/18
  5400 | D:11     | Lost dexterity.
  5403 | D:11     | You fall through a shaft!
  5414 | D:12     | Noticed a gargoyle
  5416 | D:12     | You fall through a shaft for 3 floors!
  5416 | D:15     | Entered Level 15 of the Dungeon
  5421 | D:15     | Noticed a cyclops
  5421 | D:15     | Slain by a wight

Skill      XL: |  1  2  3  4  5  6  7  8 |
---------------+-------------------------+-----
Conjurations   | 1 |  1.8
Poison Magic   | 5 6 7 8 |  8.7
Stealth        | 3 |  3.5
Spellcasting   | 3 5 6 |  6.3
Fighting       | 1 |  1.0
Air Magic      | 1 2 3 4 |  4.0
Dodging        | 2 |  2.3
Short Blades   | |  0.8
Evocations     | |  0.2

Action                   |  1- 3 |  4- 6 |  7- 9 || total
-------------------------+-------+-------+-------++-------
Melee: Unarmed           |     4 |       |       ||     4
       Dagger            |     8 |    58 |    16 ||    82
       Staff             |       |       |     9 ||     9
 Cast: Sting             |    14 |     4 |       ||    18
       Poisonous Vapours |    28 |    78 |    70 ||   176
 Abil: Dig               |       |       |     6 ||     6
       Shaft Self        |       |       |     4 ||     4
Evoke: Wand              |       |       |     6 ||     6
  Use: Scroll            |     1 |       |    10 ||    11
       Potion            |       |       |     1 ||     1
 Stab: Sleeping          |       |     2 |       ||     2
  Eat: Chunk             |     3 |     8 |     7 ||    18
       Ration            |       |     1 |     1 ||     2
Armor: Robe              |     7 |    20 |    37 ||    64
Dodge: Dodged            |    24 |    50 |    70 ||   144
Block: Other             |       |     4 |     8 ||    12
